 Dungeon Crawl Stone Soup version 0.31-a0-7-g51783674b7 (webtiles) character file.

Game seed: 3351680423263757053

74 Flugkiller the Trooper (level 4, -5/40 HPs)
             Began as a Minotaur Fighter on May 5, 2023.
             Killed from afar by an orc wizard (6 damage)
             ... with a magic dart
             ... on level 3 of the Dungeon.
             The game lasted 00:00:45 (1664 turns).

Flugkiller the Trooper (Minotaur Fighter)           Turns: 1664, Time: 00:00:46

Health: -5/40      AC:  7    Str: 23    XL:     4   Next: 10%
Magic:  3/3        EV:  9    Int:  5    God:
Gold:   93         SH:  0    Dex:  9    Spells: 3/3 levels left

rFire   . . .        a - +0 war axe
rCold   . . .        c - +0 buckler
rNeg    . . .        b - +0 scale mail
rPois   .            (helmet restricted)
rElec   .            (no cloak)
rCorr   .            (no gloves)
SInv    .            (no boots)
Will    .....        (no amulet) Stlth
                     (no ring)
HPRegen 0.26/turn    (no ring)
MPRegen 0.08/turn

%: no passive effects
@: confused
A: horns 2, retaliatory headbutt
a: no special abilities


You were on level 3 of the Dungeon.
You visited 1 branch of the dungeon, and saw 3 of its levels.

You collected 93 gold pieces.

Inventory:

Hand Weapons
 a - a +0 war axe (weapon)
Armour
 b - a +0 scale mail (worn)
 c - a +0 buckler (worn)
Wands
 k - a wand of iceblast (8)
   (You found it on level 2 of the Dungeon)
Scrolls
 e - 2 scrolls of silence {unknown}
 f - 2 scrolls of vulnerability {unknown}
 g - a scroll of identify {unknown}
 i - a scroll of poison {unknown}
 l - a scroll of fear {unknown}
Potions
 d - a potion of might
 h - a potion of lignification {unknown}
 j - 2 potions of curing {unknown}


   Skills:
 + Level 4.2 Fighting
 * Level 3.8 Axes
 + Level 4.2 Armour
 + Level 4.2 Shields


You had 3 spell levels left.
You didn't know any spells.
Your spell library was empty.

Dungeon Overview and Level Annotations

Branches:
Dungeon (3/15)

Altars:

Shops:
D:1 [


Innate Abilities, Weirdness & Mutations

You have a pair of horns on your head.
You reflexively headbutt those who attack you in melee.


Message History

You barely miss the orc wizard.
The orc wizard is lightly wounded.
You closely miss the orc.
The orc wizard hits you but does no damage.
The orc misses you. The orc hits you with a +0 falchion.
The orc wizard barely misses you.
You hit the orc wizard.
The orc wizard is moderately wounded.
You hit the orc. The orc hits you with a +0 falchion!
The orc wizard hits you but does no damage.
You hit the orc wizard.
The orc wizard is heavily wounded.
You slash the orc!
You kill the orc!
The orc wizard gestures wildly while chanting.
The orc wizard flickers and vanishes!
Deactivating autopickup; reactivate with Ctrl-A.
You closely miss the orc. Your headbutt misses the orc.
You closely miss something. The orc closely misses you.
You furiously retaliate!
You headbutt the orc. Something hits you but does no damage.
The orc hits you with a +0 hand axe. Something hits you.
You slash the orc!
You kill the orc!
You barely miss something. Something hits you.
No target in view!
No target in view!
There is a strange disturbance nearby!
There is a strange disturbance nearby!
No target in view!
No target in view!
You barely miss something. Something hits you but does no damage.
No target in view!
You barely miss something. You block something's attack.
Something hits you but does no damage.
You barely miss something. Something hits you.
No target in view!
No target in view!
You closely miss something. Your headbutt misses something.
Something hits you but does no damage.
No target in view!
You barely miss something.
Something hits you but does no damage. x2
No target in view!
You hit something. Something hits you but does no damage.
You closely miss something. Your headbutt misses something.
You hear some strange, mumbled words.
You are confused.
You completely miss something. Your headbutt misses something.
You hear some strange, mumbled words.
A puff of flame appears from out of thin air!
The puff of flame hits you! Something hits you but does no damage.
You closely miss something.
You hear some strange, mumbled words.
Something tries to affect you, but you resist.
You completely miss something.
You hear some strange, mumbled words.
Something tries to affect you, but you resist.
You barely miss something. Your headbutt misses something. Something hits you.
Something hits you but does no damage.
You miss something. Something hits you.
You barely miss something.
You feel less confused. Something hits you but does no damage.
You barely miss something.
Something hits you but does no damage. x2
You miss something. Your headbutt misses something.
Something hits you but does no damage.
You barely miss something. Your headbutt misses something. Something hits you.
* * * LOW HITPOINT WARNING * * *
You closely miss something. Something hits you but does no damage.
You hear some strange, mumbled words.
A magic dart appears from out of thin air!
The magic dart hits you.
* * * LOW HITPOINT WARNING * * *
You hit something but do no damage. Your headbutt misses something.
Something hits you.
* * * LOW HITPOINT WARNING * * *
You closely miss something.
You hear some strange, mumbled words.
You are confused.
Something hits you.
* * * LOW HITPOINT WARNING * * *
You bump into the rock wall.
You hear some strange, mumbled words.
A puff of flame appears from out of thin air!
The puff of flame hits you but does no damage.
You bump into the rock wall.
You hear some strange, mumbled words.
You are more confused.
Something hits you but does no damage.
You miss something. Your headbutt misses something.
Something hits you but does no damage.
You're too confused to move!
Something hits you.
* * * LOW HITPOINT WARNING * * *
You bump into the rock wall.
Something hits you.
* * * LOW HITPOINT WARNING * * *
You closely miss something.
An orc wizard appears from thin air!
Reactivating autopickup.
The orc wizard casts a spell at you. The magic dart hits you.
You die...

### ..# # ..# #.#### ..# ...# ##
..## +########)#### .. . ...#
.........o...###### .# #. ..<#
#.......#@#.......# .# ...
...#####.#####.#.#....)..##.#...
.....†....#..............#..#.##.
............#<............#......
..........###..###.......#.......
...#####.................#.##.###
.....###.......###.......#.#
..#.#.#.#.###.############.#
(..........##.#......# #.#


You could see an orc wizard.

Vanquished Creatures
  2 adders
  2 dart slugs (D:2)
  3 orcs (D:3)
  9 endoplasms
  2 giant cockroaches
  5 goblins
  3 hobgoblins
  2 jackals (D:1)
  A quokka (D:2)
  4 ball pythons
  5 bats
  3 frilled lizards
  A kobold (D:3)
  3 rats (D:2)
45 creatures vanquished.

Vanquished Creatures (others)
  2 plants (D:3)
2 creatures vanquished.

Grand Total: 47 creatures vanquished

Notes
Turn   | Place    | Note
-------+----------+-------------------------------------------
     0 | D:1      | Flugkiller the Minotaur Fighter began the quest for the
                  | Orb.
     0 | D:1      | Reached XP level 1. HP: 19/19 MP: 0/0
   173 | D:1      | Reached XP level 2. HP: 27/27 MP: 1/1
   261 | D:1      | Found Icsuickenacs's Antique Armour Boutique.
   943 | D:2      | Reached XP level 3. HP: 26/33 MP: 2/2
  1624 | D:3      | Reached XP level 4. HP: 40/40 MP: 3/3
  1657 | D:3      | HP: 2/40 [something (2)]
  1662 | D:3      | HP: 2/40 [something (1)]
  1664 | D:3      | Killed from afar by an orc wizard

Illustrated notes

Levels and vault maps discovered:
D:1:      reono_arrival_mine, layout_basic, serial_shops,
          nicolae_shop_temple_entry_statues_fountains
D:2:      layout_loops_ring
D:3:      layout_loops_cross, shapermc_ecumenical_altar_notcrosses, st_stairs_4,
          guppyfry_early_lair_pool

Skill      XL: |  1  2 |
---------------+-------+-----
Axes           | 3 |  3.8
Fighting       | 4 |  4.2
Armour         | 4 |  4.2
Shields        | 4 |  4.2

Action                     |  1- 3 |  4- 6 || total
---------------------------+-------+-------++-------
  Melee: War axe           |    78 |    30 ||   108
         Headbutt          |     8 |       ||     8
 Armour: Scale mail        |    36 |    21 ||    57
  Dodge: Dodged            |    39 |     4 ||    43
  Block: Buckler           |    14 |     1 ||    15

Table legend: (Time is in decaauts)
 A = Elapsed time spent in this place.
 B = Non-inter-level travel time spent in this place.
 C = Inter-level travel time spent in this place.
 D = Time resting spent in this place.
 E = Time spent auto-exploring this place.
 F = Levels seen in this place.
 G = Mean time per level.
                   A        B        C        D        E       F      G
               +--------+--------+--------+--------+--------+-----+--------+
         Total |   1702 |   1671 |     31 |     47 |   1355 |   3 |  567.3 |
       Dungeon |   1702 |   1671 |     31 |     47 |   1355 |   3 |  567.3 |
               +--------+--------+--------+--------+--------+-----+--------+

Top non-repeatable levels by time:
     D:1: 748 daAuts
     D:2: 692 daAuts
     D:3: 261 daAuts
